Map: Ephemeron LE

Players

Ratl - Winner!

  • Race: Protoss Protoss
  • League: Silver
  • Spawn Location: 11:00

VOD

Have the link to the VOD?

Description

Time

  • Played on: Feb. 11, 2020, 6:47 p.m.
  • Length: 10:57
Show
View Real Time Build Order
Export as new Build Order

Ratl Protoss - Winner!

Build Orders:  

Get SALT Encoding   

  12  0:02  Probe  
  12  0:14  Probe  
  12  0:20  Pylon  
  12  0:26  Probe  
  12  0:38  Gateway  
  12  0:40  Probe (Chrono Boost)  
  12  0:47  Assimilator  
  12  0:51  Probe (Chrono Boost)  
  12  0:56  Probe (Chrono Boost)  
  12  1:07  Probe  
  12  1:19  Probe  
  12  1:25  Gateway  
  12  1:29  Cybernetics Core  
  12  1:31  Probe  
  12  1:35  Assimilator  
  12  1:43  Probe (Chrono Boost)  
  12  1:45  Pylon  
  12  1:55  Probe (Chrono Boost)  
  12  2:02  Probe (Chrono Boost)  
  12  2:11  Warp Gate  
  12  2:12  Stalker x2  
  12  2:13  Probe  
  12  2:18  Pylon  
  12  2:25  Probe  
  12  2:37  Probe  
  12  2:48  Pylon  
  12  2:49  Probe  
  12  3:01  Probe  
  12  3:02  Nexus  
  12  3:13  Probe  
  12  3:15  Stalker  
  12  3:17  Stalker  
  12  3:25  Probe  
  12  3:37  Probe  
  12  3:43  Pylon  
  12  3:46  Stalker  
  12  3:48  Stalker  
  12  3:49  Probe  
  12  4:02  Probe  
  12  4:09  Robotics Facility  
  12  4:11  Gateway  
  12  4:14  Probe x2  
  12  4:26  Probe x2  
  12  4:38  Probe  
  12  4:39  Probe  
  12  4:44  Nexus  
  12  4:48  Pylon  
  12  4:50  Probe  
  12  4:51  Probe  
  12  4:55  Assimilator  
  12  4:56  Assimilator  
  12  5:02  Probe  
  12  5:03  Probe  
  12  5:14  Probe  
  12  5:15  Probe  
  12  5:25  Pylon  
  12  5:26  Probe, Pylon  
  12  5:27  Probe  
  12  5:34  Stalker x3  
  12  5:38  Probe, Observer  
  12  5:39  Probe  
  12  5:49  Gateway  
  12  5:50  Gateway  
  12  5:51  Gateway  
  12  5:53  Probe (Chrono Boost), Gateway  
  12  5:54  Gateway  
  12  5:55  Probe (Chrono Boost)  
  12  5:56  Probe (Chrono Boost)  
  12  6:04  Probe (Chrono Boost)  
  12  6:05  Probe (Chrono Boost)  
  12  6:06  Probe (Chrono Boost)  
  12  6:09  Probe (Chrono Boost)  
  12  6:10  Probe (Chrono Boost)  
  12  6:11  Probe (Chrono Boost)  
  12  6:15  Pylon  
  12  6:19  Twilight Council  
  12  6:29  Forge, Stalker  
  12  6:30  Stalker  
  12  6:31  Forge  
  12  6:33  Forge  
  12  6:34  Probe x3  
  12  6:46  Probe x3  
  12  6:54  Nexus  
  12  6:57  Pylon  
  12  6:58  Probe x3  
  12  7:03  Assimilator  
  12  7:06  Assimilator, Stalker x2  
  12  7:10  Probe x3  
  12  7:12  Protoss Ground Weapons Level 1 (Chrono Boost), Immortal, Protoss Ground Armor Level 1 (Chrono Boost)  
  12  7:15  Protoss Shields Level 1 (Chrono Boost)  
  12  7:22  Probe x2  
  12  7:23  Probe  
  12  7:34  Probe x2  
  12  7:35  Probe  
  12  7:46  Probe  
  12  7:47  Probe x2  
  12  7:48  Stalker x5  
  12  7:49  Stalker x2  
  12  7:59  Pylon  
  12  8:08  Probe x3 (Chrono Boost)  
  12  8:09  Pylon  
  12  8:10  Probe (Chrono Boost)  
  12  8:15  Assimilator  
  12  8:20  Probe (Chrono Boost), Assimilator  
  12  8:21  Probe x3 (Chrono Boost)  
  12  8:56  Immortal  
  12  9:02  Templar Archives  
  12  9:07  Gateway  
  12  9:08  Gateway, Nexus  
  12  9:10  Pylon, Gateway x2  
  12  9:13  Gateway  
  12  9:14  Gateway  
  12  9:15  Gateway  
  12  9:17  Gateway x2  
  12  9:18  Photon Cannon  
  12  9:19  Photon Cannon  
  12  9:25  Photon Cannon  
  12  9:26  Photon Cannon  
  12  9:40  Immortal  
  12  9:50  Stalker x2  
  12  9:51  Stalker x4  
  12  9:52  Stalker x2  
  12  9:59  Pylon x3  
  12  10:02  Pylon  
  12  10:10  Stalker x3  
  12  10:18  Photon Cannon  
  12  10:20  Photon Cannon  
  12  10:26  Photon Cannon  
  12  10:27  Photon Cannon  
  12  10:29  High Templar x7  
  12  10:30  High Templar x7  
  12  10:34  High Templar  
  12  10:40  High Templar x2  
  12  10:45  Archon x5  
  12  10:46  Archon  
  12  10:49  Archon x2  
Tags
 
Add a new tag
Caveats
  • Supply blocks, unpowered buildings, or Contaminate may cause inaccurate times.
  • Supply counts are checked every 10 seconds.